 Dungeon Crawl Stone Soup version 0.28-b1-1-g3c77fb2ed1 (webtiles) character file.

Game seed: 16676999153916116432

80 zeram the Shield-Bearer (level 4, -8/31 HPs)
             Began as an Octopode Fighter on Jan 28, 2022.
             Killed from afar by Natasha (10 damage)
             ... with a magic dart
             ... on level 2 of the Dungeon.
             The game lasted 00:02:00 (1671 turns).

zeram the Shield-Bearer (Octopode Fighter)          Turns: 1671, Time: 00:02:00

Health: -8/31      AC:  1    Str: 15    XL:     4   Next: 39%
Magic:  4/4        EV: 13    Int: 12    God:
Gold:   72         SH:  4    Dex: 11    Spells: 3/3 levels left

rFire   . . .      SeeInvis .   a - +0 rapier
rCold   . . .      Faith    .   b - +0 buckler
rNeg    . . .      Spirit   .   (helmet restricted)
rPois   .          Reflect  .   (no amulet)
rElec   .          Harm     .   (no ring)
rCorr   .          Rampage  .   (no ring)
Will    .....                   (no ring)
Stlth   +++.......              (no ring)
HPRegen 0.10/turn               (no ring)
MPRegen 0.09/turn               (no ring)
                                (no ring)
                                (no ring)

@: slowed, very slow
A: almost no armour, amphibious, 8 rings, camouflage 1, gelatinous body 1,
(nimble swimmer 1), tentacles
a: no special abilities


You were on level 2 of the Dungeon.
You visited 1 branch of the dungeon, and saw 2 of its levels.

You collected 72 gold pieces.

Inventory:

Hand Weapons
 a - a +0 rapier (weapon)
Armour
 b - a +0 buckler (worn)
Jewellery
 e - an amulet of faith
 i - a ring of poison resistance
Scrolls
 h - 2 scrolls of magic mapping
 j - a scroll of summoning {unknown}
Potions
 c - a potion of might
 d - 2 potions of haste {unknown}
 f - a potion of resistance
 g - a potion of invisibility {unknown}


   Skills:
 - Level 3.0 Fighting
 + Level 2.8 Short Blades
 + Level 3.5 Dodging
 + Level 2.6 Stealth
 + Level 3.5 Shields


You had 3 spell levels left.
You didn't know any spells.
Your spell library contained the following spells:

 Spells                   Type           Power      Damage    Failure   Level
 Slow                     Hex            0%         N/A       41%         1
 Confusing Touch          Hex            0%         N/A       78%         3
 Vampiric Draining        Necr           0%         2d6       78%         3


Dungeon Overview and Level Annotations

Branches:
Dungeon (2/15)

Altars:
Yredelemnul

Shops:
D:1 !

Annotations:
D:2 Natasha


Innate Abilities, Weirdness & Mutations

You cannot wear most types of armour.
You are amphibious.
You can wear up to eight rings at the same time.
Your skin changes colour to match your surroundings (Stealth+).
Your rubbery body absorbs attacks. (AC +1, EV +1)
((You are camouflaged when in or above water. (Stealth+)))
You have tentacles for arms and can constrict up to eight enemies at once.


Message History

You see here the felid corpse of Natasha.
Found a ring mail and a mace.
A bat comes into view.
A bat is nearby!
A bat is nearby!
A bat is nearby!
Natasha, Servant of Life and Death comes into view.
Natasha moves out of view.
Found a stone staircase leading up.
A bat comes into view.
The bat hits you.
You miss the bat. Your grab misses the bat. The bat closely misses you.
The bat hits you. The bat hits you but does no damage. Natasha claws you.
You see here a +0 mace.
You hit Natasha. Your grab misses Natasha. Your squeeze misses Natasha.
Natasha is moderately wounded.
The bat closely misses you. The bat hits you. The bat misses you.
Natasha stares at you and mumbles some strange words.
The magic dart hits you! Natasha claws you!
* * * LOW HITPOINT WARNING * * *
You are too injured to fight recklessly!
You are too injured to fight recklessly!
Okay, then.
The bat closely misses you. x2
You block the bat's attack.
Natasha stares at you and mumbles some strange words.
You feel yourself slow down.
Found a basalt altar of Yredelemnul.
The bat hits you but does no damage. The bat hits you.
* * * LOW HITPOINT WARNING * * *
Natasha stares at you and mumbles some strange words.
The magic dart hits you.
* * * LOW HITPOINT WARNING * * *
The bat completely misses you. The bat closely misses you.
There is a stone staircase leading up here.
The bat completely misses you. The bat hits you.
* * * LOW HITPOINT WARNING * * *
Natasha stares at you and mumbles some strange words.
The magic dart hits you!
You die...

########## ###### ##
#........# ...
#........########## .#.#
#..................
....##..................
...........##...........
._.........)............
.......b.b.[............
.......@.h..............
........................
##########.##...........
#.##...........
#######.#.#######......
#.....#.#.#######......
#.###)#.#.##....#......
#.# #.#[#.##.##.#......
#.###.#.#.##.##........


You could see Natasha and 2 bats.

Vanquished Creatures
  Natasha (D:2)
  An adder (D:2)
  An ufetubus (D:2)
  4 ball pythons
  9 bats
  An endoplasm (D:1)
  4 giant cockroaches
  3 hobgoblins
  2 jackals (D:2)
  4 frilled lizards
  8 goblins
  2 kobolds
  2 rats (D:1)
42 creatures vanquished.

Notes
Turn   | Place    | Note
-------+----------+-------------------------------------------
     0 | D:1      | zeram the Octopode Fighter began the quest for the Orb.
     0 | D:1      | Reached XP level 1. HP: 16/16 MP: 1/1
   215 | D:1      | Found Kiewett's Distillery.
   238 | D:1      | Reached XP level 2. HP: 20/21 MP: 2/2
   263 | D:1      | Found a faded altar of an unknown god.
   885 | D:2      | Reached skill level 1 in Stealth
   897 | D:2      | Reached XP level 3. HP: 18/26 MP: 3/3
  1532 | D:2      | Noticed Natasha
  1537 | D:2      | Killed Natasha
  1538 | D:2      | Reached XP level 4. HP: 31/31 MP: 4/4
  1660 | D:2      | Noticed Natasha
  1669 | D:2      | Found a basalt altar of Yredelemnul.
  1671 | D:2      | Killed from afar by Natasha

Illustrated notes

Levels and vault maps discovered:
D:1:      dpeg_arrival_concentric_ovals, layout_loops_ring, serial_shops,
          nicolae_shop_trees, chequers_ecumenical_altar_simple
D:2:      layout_basic, basic_altar, uniq_natasha

Skill      XL: |  1  2  3 |
---------------+----------+-----
Stealth        | 1 2 |  2.6
Fighting       | |  3.0
Short Blades   | |  2.8
Dodging        | |  3.5
Shields        | |  3.5

Action                   |  1- 3 |  4- 6 || total
-------------------------+-------+-------++-------
Melee: Rapier            |    69 |     6 ||    75
       Tentacles         |    15 |       ||    15
       Constrict         |    16 |       ||    16
       Punch             |     1 |       ||     1
  Use: Scroll            |     3 |       ||     3
 Stab: Sleeping          |    10 |     1 ||    11
Armor: Skin              |     1 |     2 ||     3
Dodge: Dodged            |    42 |     9 ||    51
Block: Buckler           |    12 |     1 ||    13
